 Dungeon Crawl Stone Soup version 0.17-a0-1186-gbffdd7f (webtiles) character file.

1829 Sommunist the Skirmisher (level 8, 0/74 HPs)
             Began as a Minotaur Monk on June 1, 2015.
             Shot with an exploding sling bullet by Joseph (13 damage)
             ... on level 7 of the Dungeon.
             The game lasted 00:27:37 (5340 turns).

Sommunist the Skirmisher (Minotaur Monk)            Turns: 5340, Time: 00:27:37

Health: 0/74       AC:  5    Str: 16    XL:     8   Next: 86%
Magic:  7/7        EV: 16    Int:  7    God:
Gold:   349        SH:  0    Dex: 15    Spells: 0 memorised, 7 levels left

rFire  . . .     SeeInvis .     k - +3 quarterstaff (chaos)
rCold  + . .     Clarity  .     i - +1 robe
rNeg   . . .     SustAt   .     (no shield)
rPois  .         Gourm    .     (helmet restricted)
rElec  .         Spirit   .     l - +0 cloak
rCorr  .         Warding  .     e - +0 pair of gloves
rMut   .         Stasis   .     (no boots)
MR     .....                    s - amulet of rage
Stlth  ++........               (no ring)
                                (no ring)

@: not resistant to hostile enchantments, unstealthy
A: retaliatory headbutt, horns 2, cold resistance 1
a: Evoke Berserk Rage


You were on level 7 of the Dungeon.
You were not hungry.

You visited 2 branches of the dungeon, and saw 8 of its levels.
You also visited: Ossuary.

You collected 349 gold pieces.

Inventory:

Hand weapons
 k - a +3 quarterstaff of chaos (weapon)
Armour
 e - a +0 pair of gloves (worn)
 i - a +1 robe (worn)
 l - a +0 cloak (worn)
Jewellery
 s - an amulet of rage (around neck)
Magical devices
 h - a wand of random effects (45)
 j - a wand of magic darts (22)
 o - a wand of magic darts (21)
 t - a wand of enslavement (18)
 u - a wand of digging (4)
Scrolls
 d - 7 scrolls of identify
 m - 3 scrolls of remove curse
 p - 4 scrolls of teleportation
Potions
 a - 3 potions of might
 c - a potion of ambrosia
 g - 2 potions of curing
 q - a potion of lignification
 r - a potion of magic
 x - a potion of heal wounds
Books
 w - a book of Dreams

   Spells                             Type                      Level
   a - Ensorcelled Hibernation        Hexes/Ice                    2
   b - Phase Shift                    Translocation                5
   c - Shadow Creatures               Summoning                    5
   d - Silence                        Hexes/Air                    5
   e - Mass Confusion                 Hexes                        6
   f - Darkness                       Hexes                        7
Comestibles
 b - 4 bread rations
 f - 7 meat rations
 n - 3 royal jellies
 z - 2 fruits


   Skills:
 * Level 7.8 Fighting
 * Level 7.0 Staves
 - Level 1.2 Armour
 * Level 7.3 Dodging
 + Level 3.9 Stealth
 - Level 5.5 Unarmed Combat


You had 7 spell levels left.
You didn't know any spells.

Dungeon Overview and Level Annotations

Branches:
Dungeon (7/15)             Temple (1/1) D:5

Altars:
Cheibriados
Dithmenos
Elyvilon
Fedhas
Kikubaaqudgha
Nemelex Xobeh
Sif Muna
Yredelemnul

Annotations:
D:7 Joseph


Innate Abilities, Weirdness & Mutations

You reflexively headbutt those who attack you in melee.
You have a pair of horns on your head.
Your flesh is cold resistant.


Message History

Joseph shouts!
Joseph unwields an uncursed quarterstaff of protection.
Joseph wields a glowing hunting sling.
Joseph shoots an exploding sling bullet.
The exploding sling bullet hits you!
The exploding sling bullet explodes!
The explosion of sling bullet fragments engulfs you!
You hear a shout!
Joseph shoots an exploding sling bullet.
The exploding sling bullet hits you!
The exploding sling bullet explodes!
The explosion of sling bullet fragments engulfs you!
You hear a shout!
Joseph shoots an exploding sling bullet.
The exploding sling bullet hits you!!
* * * LOW HITPOINT WARNING * * *
x2 The exploding sling bullet explodes!
The explosion of sling bullet fragments engulfs you!
* * * LOW HITPOINT WARNING * * *
Joseph shoots an exploding sling bullet.
The exploding sling bullet hits you!
You die...

### ###.## ###....# ##
#......# .# ##.....##
.#####. #..##...#
....... ##.###...##
###....... #.##
#....####...@..... ####
#....##...@.#
#..###.........#.......
###..........####......
##.........# ......
##..#......# .....
##.##......# .....
##.#......... ....
#.#.......#... ....
#........###...


You could see Joseph.

Vanquished Creatures
  The ghost of CrayRabbit the Slasher, an average OpFi (D:4)
  A wyvern (shapeshifter) (D:5)
  Edmund (D:4)
  2 sky beasts
  2 centaurs
  2 ogres
  2 scorpions (D:5)
  A crimson imp (D:5)
  An orc priest (D:4)
  A jelly (D:6)
  2 hounds
  Crazy Yiuf (D:2)
  3 orc wizards
  3 giant frog skeletons
  Jessica (D:2)
  Natasha (thrice) (D:2)
  6 big kobold zombies (Ossuary)
  A mummy (Ossuary)
  A hound skeleton (D:4)
  4 adders
  2 shadow imps (D:5)
  3 oozes (D:3)
  A worm (D:2)
  5 giant geckos
  17 orcs
  3 spectral bats (Ossuary)
  4 bat simulacra (Ossuary)
  A bat skeleton (D:4)
  6 giant cockroaches
  5 gnoll zombies (Ossuary)
  10 goblins
  8 hobgoblins
  5 jackals
  10 kobolds
  A ball python (D:4)
  9 bats
  A giant newt (shapeshifter) (D:3)
  2 giant newts
  3 goblin simulacra (Ossuary)
  5 goblin zombies (Ossuary)
  5 hobgoblin zombies (Ossuary)
  3 kobold simulacra (Ossuary)
  2 kobold zombies (Ossuary)
  6 orc zombies (Ossuary)
  2 quokkas
  A quokka skeleton (D:4)
  9 rats
  A rat simulacrum (Ossuary)
  3 spectral kobolds (Ossuary)
  3 spectral rats (Ossuary)
175 creatures vanquished.

Notes
Turn   | Place    | Note
--------------------------------------------------------------
     0 | D:1      | Sommunist the Minotaur Monk began the quest for the Orb.
     0 | D:1      | Reached XP level 1. HP: 19/19 MP: 0/0
   278 | D:1      | Reached XP level 2. HP: 27/27 MP: 1/1
   818 | D:2      | Noticed Natasha
   826 | D:2      | Killed Natasha
   826 | D:2      | Reached skill level 5 in Unarmed Combat
   826 | D:2      | Reached XP level 3. HP: 29/34 MP: 2/2
   832 | D:2      | Noticed Jessica
   839 | D:2      | Killed Jessica
   839 | D:2      | Reached XP level 4. HP: 32/41 MP: 3/3
   947 | D:2      | Noticed Natasha
   951 | D:2      | Killed Natasha
   990 | D:2      | Noticed Crazy Yiuf
   996 | D:2      | Killed Crazy Yiuf
  1370 | D:2      | Noticed Natasha
  1371 | D:2      | Killed Natasha
  1371 | D:2      | Reached XP level 5. HP: 47/47 MP: 4/4
  1569 | D:3      | Gained mutation: Your flesh is cold resistant. [mutagenic meat]
  1570 | D:3      | Gained mutation: You have a pair of large horns on your head. [mutagenic meat]
  1733 | D:3      | Reached skill level 5 in Fighting
  2068 | D:3      | Noticed a centaur
  2078 | D:3      | Killed a centaur
  2078 | D:3      | Reached skill level 1 in Staves
  2078 | D:3      | Reached skill level 1 in Armour
  2078 | D:3      | Reached XP level 6. HP: 39/56 MP: 5/5
  2368 | D:4      | Noticed CrayRabbit's ghost (average OpFi)
  2385 | D:4      | Killed CrayRabbit's ghost
  2385 | D:4      | Reached skill level 5 in Dodging
  2499 | D:4      | Found a white marble altar of Elyvilon.
  2535 | D:4      | Found a sand-covered staircase.
  2546 | D:4      | Reached XP level 7. HP: 47/62 MP: 6/6
  2548 | D:4      | Reached skill level 6 in Fighting
  2561 | Ossuary  | Entered an ossuary
  3107 | D:4      | Noticed Edmund
  3167 | D:4      | Killed Edmund
  3167 | D:4      | Reached skill level 5 in Staves
  3167 | D:4      | Reached XP level 8. HP: 55/71 MP: 7/7
  3418 | D:5      | Entered Level 5 of the Dungeon
  3473 | D:5      | Reached skill level 7 in Fighting
  3514 | D:5      | Found a staircase to the Ecumenical Temple.
  3536 | Temple   | Entered the Ecumenical Temple
  4057 | D:5      | Lost mutation: You have a pair of large horns on your head. [mutagenic meat]
  4328 | D:5      | Found a blossoming altar of Fedhas.
  5336 | D:7      | Noticed Joseph
  5340 | D:7      | Shot with an exploding sling bullet by Joseph

Vault maps used:
D:1:      saegor_arrival_simple_d
D:2:      uniq_natasha, uniq_jessica, uniq_crazy_yiuf_cottage
D:4:      lightli_ossuary_entry_decrepit_ruins, elyvilon_altar_4, uniq_edmund
D:5:      fedhas_bush_and_centaur_altar, minmay_temple_entry_purple_smoke,
          first_bread
D:7:      kennysheep_little_box, grunt_ogre_cave, nemelex_lonely_heart_becter,
          uniq_joseph
Temple:   nicolae_temple_great_sept
Ossuary:  ossuary_zaba_two_paths

Action                   |  1- 3 |  4- 6 |  7- 9 || total
-------------------------+-------+-------+-------++-------
Melee: Unarmed           |    50 |    20 |       ||    70
       Quarterstaff      |       |    74 |   233 ||   307
  Use: Scroll            |     3 |     6 |     4 ||    13
       Potion            |       |     4 |     8 ||    12
 Stab: Sleeping          |     1 |     6 |    10 ||    17
       Petrifying        |       |     1 |     1 ||     2
       Paralysed         |       |       |     2 ||     2
       Petrified         |       |       |     1 ||     1
       Distracted        |       |       |     1 ||     1
  Eat: Chunk             |       |     6 |     4 ||    10
       Bread ration      |       |     1 |     1 ||     2
